 Dungeon Crawl Stone Soup version 0.21.1-1-g345015f (webtiles) character file.

57 tidbits the Charmwright (level 4, 7/38 HPs)
             Began as a Gnoll Skald on June 26, 2018.
             Quit the game on level 3 of the Dungeon.
             The game lasted 00:03:17 (293 turns).

tidbits the Charmwright (Gnoll Skald)                Turns: 293, Time: 00:03:17

Health: 7/38       AC:  4    Str: 13    XL:     4   Next: 0%
Magic:  6/11       EV: 14    Int: 17    God:
Gold:   26         SH:  0    Dex: 14    Spells: 2/13 levels left

rFire    . . .     SeeInvis .   a - +0 hand axe
rCold    . . .     Gourm    .   (no shield)
rNeg     . . .     Faith    .   b - +0 leather armour
rPois    .         Spirit   .   (no helmet)
rElec    .         Reflect  .   (no cloak)
rCorr    .         Harm     .   e - +0 pair of gloves
MR       .....                  (no boots)
Stlth    +.........             (no amulet)
HPRegen  0.12/turn              (no ring)
MPRegen  0.12/turn              (no ring)

@: lethally poisoned (7 -> -5), berserk cooldown
A: distributed training, fangs 1, strong nose
a: no special abilities


You were on level 3 of the Dungeon.
You were not hungry.

You visited 1 branch of the dungeon, and saw 3 of its levels.

You collected 26 gold pieces.

Inventory:

Hand Weapons
 a - a +0 hand axe (weapon)
 g - a +0 dagger
Armour
 b - a +0 leather armour (worn)
 e - a +0 pair of gloves (worn)
 j - a +0 ring mail
Jewellery
 i - an uncursed ring of poison resistance {unknown}
   (You found it on level 3 of the Dungeon)
Scrolls
 f - 2 scrolls of enchant armour {unknown}
 h - 4 scrolls of identify {unknown}
Books
 c - a book of Battle

   Spells                             Type                      Level
   a - Infusion                       Charms                       1
   b - Shroud of Golubria             Charms/Translocation         2
   c - Song of Slaying                Charms                       2
   d - Spectral Weapon                Hexes/Charms                 3
   e - Regeneration                   Charms/Necromancy            3
Comestibles
 d - 2 rations


   Skills:
 + Level 4.6 Fighting
 + Level 1.0 Short Blades
 + Level 1.0 Long Blades
 + Level 4.6 Axes
 + Level 1.0 Maces & Flails
 + Level 1.0 Polearms
 + Level 1.0 Staves
 + Level 1.0 Slings
 + Level 1.0 Bows
 + Level 1.0 Crossbows
 + Level 1.0 Throwing
 + Level 2.6 Armour
 + Level 4.6 Dodging
 + Level 1.0 Stealth
 + Level 1.0 Shields
 + Level 1.0 Unarmed Combat
 + Level 5.0 Spellcasting
 + Level 0.7 Conjurations
 + Level 0.7 Hexes
 + Level 5.4 Charms
 + Level 0.7 Summonings
 + Level 0.7 Necromancy
 + Level 0.7 Translocations
 + Level 0.7 Transmutations
 + Level 0.7 Fire Magic
 + Level 0.7 Ice Magic
 + Level 0.7 Air Magic
 + Level 0.7 Earth Magic
 + Level 0.7 Poison Magic
 + Level 1.0 Invocations
 + Level 1.0 Evocations


You had 2 spell levels left.
You knew the following spells:

 Your Spells              Type           Power        Failure   Level  Hunger
g - Shroud of Golubria    Chrm/Tloc      ##........   8%          2    #......
i - Infusion              Chrm           ###.         1%          1    None
r - Regeneration          Chrm/Necr      ##........   16%         3    ###....
w - Spectral Weapon       Hex/Chrm       ##......     16%         3    ###....
y - Song of Slaying       Chrm           ###.....     3%          2    #......


Dungeon Overview and Level Annotations

Branches:
Dungeon (3/15)

Altars:
Vehumet


Innate Abilities, Weirdness & Mutations

Your experience applies equally to all skills.
You have very sharp teeth.
Your uncanny sense of smell can sniff out nearby items.


Message History

Things that are here:
a short sword; a ring mail Unknown command.
You feel a strong urge to attack something.
You slash the jackal!
You kill the jackal!
Your shroud unravels.
You see here a jackal corpse.
You feel a strong urge to attack something.
You are no longer berserk.
You are exhausted.
You feel yourself slow down.
A dart slug comes into view.
Found a ring mail.
Found a scroll labeled GONUXUGE QEMU.
Found a stone staircase leading up.
Found a moonstone ring.
Found a mace and a robe.
Unknown command.
An adder and a rat come into view.
You see here a moonstone ring.
i - a moonstone ring The adder hisses angrily.
The rat bites you.
Found 15 gold pieces.
The rat bites you but does no damage.
There is a stone staircase leading up here.
Casting: Shroud of Golubria
Confirm with . or Enter, or press ? or * to list all spells.
You draw out your weapon's spirit!
The adder closely misses you. The rat bites you. The adder misses you.
You hit the rat but do no damage. You barely miss the adder.
Your spectral weapon barely misses the rat.
Your spectral weapon closely misses the adder.
The rat bites you but does no damage. The adder bites you.
You are poisoned.
The adder poisons you! The rat bites you but does no damage.
The adder misses you.
You closely miss the adder. You hit the rat.
You kill the rat!
You feel sick.
Your spectral weapon barely misses the adder.
The adder bites you. x2
You are more poisoned.
The adder poisons you!
You miss the adder. You bite the adder, but do no damage.
You feel sick.
Your spectral weapon hits the adder.
The adder misses you. The adder bites you but does no damage.
You closely miss the adder.
The adder is heavily wounded.
You feel sick.
Your spectral weapon hits the adder but does no damage.
The adder completely misses you. The adder closely misses you.
You miss the adder.
The adder is heavily wounded.
You feel sick.
Your spectral weapon misses the adder.
The adder bites you but does no damage. The adder bites you.
* * * LOW HITPOINT WARNING * * *
You hit the adder.
The adder is heavily wounded.
Your spectral weapon closely misses the adder.
The adder closely misses you. The adder barely misses you.
You barely miss the adder.
The adder is heavily wounded.
You feel sick.
Your spectral weapon closely misses the adder.
The adder completely misses you. The adder misses you.
You closely miss the adder.
The adder is heavily wounded.
You feel yourself speed up.
You feel sick.
Your spectral weapon fades away.
The adder bites you.
* * * LOW HITPOINT WARNING * * *
You are more poisoned.
The adder poisons you! The adder bites you.
* * * LOW HITPOINT WARNING * * *
You are more poisoned.
The adder poisons you!
You hit the adder.
You kill the adder!
Your Short Blades skill increases to level 1!
Your Long Blades skill increases to level 1!
Your Maces & Flails skill increases to level 1!
Your Polearms skill increases to level 1!
Your Staves skill increases to level 1!
Your Slings skill increases to level 1!
Your Bows skill increases to level 1!
Your Crossbows skill increases to level 1!
Your Throwing skill increases to level 1!
Your Stealth skill increases to level 1!
Your Shields skill increases to level 1!
Your Unarmed Combat skill increases to level 1!
Your Evocations skill increases to level 1!
You have reached level 4!
You feel clever.
* * * LOW HITPOINT WARNING * * *
You feel sick.
You aren't carrying any potions.
Unknown command.
Are you sure you want to abandon this character and quit the game? (Confirm with "yes".)

.# .# ....... .####.##
#........
.$......##........# .....#
..#........# $. .....##
.....[....## . ..
......###..........# .#...
...............# #.##.#...
#.###.###......###......
..†.#...........@†..#.#
....#######....#......###.
..).# ######.....#........
.....§....................
......†§§.##.#.#.##..#####
....#§§_§..).#...# #.#
.#..#.§.§)...##..# ..#
.##........#....... #.# .
.##........####.....


There were no monsters in sight!

Vanquished Creatures
  Terence (D:3)
  2 adders
  A worm (D:2)
  A dart slug (D:1)
  A leopard gecko (D:3)
  A goblin (D:2)
  2 jackals (D:3)
  3 kobolds (D:1)
  A quokka (D:3)
  3 bats
  A frilled lizard (D:2)
  A jackal skeleton (D:2)
  4 rats
22 creatures vanquished.

Vanquished Creatures (others)
  A frilled lizard (D:3)
  A kobold (D:3)
2 creatures vanquished.

Grand Total: 24 creatures vanquished

Notes
Turn   | Place    | Note
-------+----------+-------------------------------------------
     0 | D:1      | tidbits the Gnoll Skald began the quest for the Orb.
     0 | D:1      | Reached XP level 1. HP: 20/20 MP: 6/6
    91 | D:1      | Reached XP level 2. HP: 26/26 MP: 3/7
   194 | D:2      | Reached skill level 5 in Spellcasting
   194 | D:2      | Reached XP level 3. HP: 27/31 MP: 1/9
   201 | D:2      | Learned a level 2 spell: Song of Slaying
   204 | D:2      | Learned a level 2 spell: Shroud of Golubria
   208 | D:2      | Learned a level 3 spell: Regeneration
   212 | D:2      | Learned a level 3 spell: Spectral Weapon
   250 | D:3      | Noticed Terence
   250 | D:3      | Found a radiant altar of Vehumet.
   256 | D:3      | Killed Terence
   256 | D:3      | Reached skill level 1 in Invocations
   292 | D:3      | Reached skill level 1 in Short Blades
   292 | D:3      | Reached skill level 1 in Long Blades
   292 | D:3      | Reached skill level 1 in Maces & Flails
   292 | D:3      | Reached skill level 1 in Polearms
   292 | D:3      | Reached skill level 1 in Staves
   292 | D:3      | Reached skill level 1 in Slings
   292 | D:3      | Reached skill level 1 in Bows
   292 | D:3      | Reached skill level 1 in Crossbows
   292 | D:3      | Reached skill level 1 in Throwing
   292 | D:3      | Reached skill level 1 in Stealth
   292 | D:3      | Reached skill level 1 in Shields
   292 | D:3      | Reached skill level 1 in Unarmed Combat
   292 | D:3      | Reached skill level 1 in Evocations
   292 | D:3      | Reached XP level 4. HP: 8/38 MP: 6/11
   293 | D:3      | Quit the game

Skill      XL: |  1  2  3 |
---------------+----------+-----
Spellcasting   | 5 |  5.0
Invocations    | 1 |  1.0
Short Blades   | 1 |  1.0
Long Blades    | 1 |  1.0
Maces & Flails | 1 |  1.0
Polearms       | 1 |  1.0
Staves         | 1 |  1.0
Slings         | 1 |  1.0
Bows           | 1 |  1.0
Crossbows      | 1 |  1.0
Throwing       | 1 |  1.0
Stealth        | 1 |  1.0
Shields        | 1 |  1.0
Unarmed Combat | 1 |  1.0
Evocations     | 1 |  1.0
Fighting       | |  4.6
Axes           | |  4.6
Armour         | |  2.6
Dodging        | |  4.6
Conjurations   | |  0.7
Hexes          | |  0.7
Charms         | |  5.4
Summonings     | |  0.7
Necromancy     | |  0.7
Translocations | |  0.7
Transmutations | |  0.7
Fire Magic     | |  0.7
Ice Magic      | |  0.7
Air Magic      | |  0.7
Earth Magic    | |  0.7
Poison Magic   | |  0.7

Action                   |  1- 3 |  4- 6 || total
-------------------------+-------+-------++-------
Melee: Hand axe          |    49 |       ||    49
       Bite              |     4 |       ||     4
 Cast: Infusion          |     4 |       ||     4
       Shroud of Golubri |     1 |       ||     1
       Song of Slaying   |     1 |       ||     1
       Spectral Weapon   |     1 |       ||     1
  Use: Potion            |     1 |       ||     1
Armor: Leather armour    |     8 |       ||     8
Dodge: Dodged            |    41 |       ||    41

Table legend:
 A = Turns spent in this place as a percentage of turns spent in the entire game.
 B = Non-inter-level travel turns spent in this place as a percentage of non-inter-level travel turns spent in the entire game.
 C = Inter-level travel turns spent in this place as a percentage of turns spent in this place.
 D = Turns resting spent in this place as a percentage of non-inter-level travel turns spent in this place.
 E = Turns spent auto-exploring this place as a percentage of non-inter-level travel turns spent in this place.
 F = Non-inter-level travel turns spent in this place divided by the number of levels of this place that you've seen.
                   A       B       C       D       E      F
               +-------+-------+-------+-------+-------+----------------------
         Total | 100.0 | 100.0 |   4.4 |   0.0 |   0.0 |  93.3
       Dungeon | 100.0 | 100.0 |   4.4 |   0.0 |   0.0 |  93.3
               +-------+-------+-------+-------+-------+----------------------

Table legend:
 A = Kills in this place as a percentage of kills in entire the game.
 B = Kills by you in this place as a percentage of kills by you in the entire game.
 C = Kills by friends in this place as a percentage of kills by friends in the entire game.
 D = Other kills in this place as a percentage of other kills in the entire game.
 E = Experience gained in this place as a percentage of experience gained in the entire game.
 F = Experience gained in this place divided by the number of levels of this place that you have seen.
                   A       B       C       D       E      F
               +-------+-------+-------+-------+-------+----------------------
         Total | 100.0 | 100.0 |   N/A |   N/A | 100.0 |  27.3
       Dungeon | 100.0 | 100.0 |   N/A |   N/A | 100.0 |  27.3
               +-------+-------+-------+-------+-------+----------------------

Vault maps used:
D:1:      co_arrival_square_in_a_square_in_a_square, minmay_split_cup_small
D:2:      first_ration, uniq_sigmund
D:3:      fiery_altar_vehumet, minmay_misc_feat_rows, uniq_terence, uniq_robin
